 Dungeon Crawl Stone Soup version 0.26.0-10-g1f06aea511 (webtiles) character file.

Game seed: 14603845768684019469

5035 Borgoz the Carver (level 10, -4/86 HPs)
             Began as a Ghoul Gladiator on Jan 30, 2021.
             Was a Follower of Ashenzari.
             Slain by an orc knight
             ... wielding a +0 war axe
              (21 damage)
             ... in a bailey.
             The game lasted 00:11:35 (9785 turns).

Borgoz the Carver (Ghoul Gladiator)                 Turns: 9785, Time: 00:11:35

Health: -4/86      AC:  9    Str: 19      XL:     10   Next: 55%
Magic:  9/9        EV: 20    Int:  3      God:    Ashenzari [*.....]
Gold:   479        SH:  0    Dex: 17 (19) Spells: 9/9 levels left

rFire    + . .     SeeInvis +   a - +2 long sword
rCold    + . .     Faith    .   (no shield)
rNeg     + + +     Spirit   .   i - +1 leather armour {rF+}
rPois    ∞         Reflect  .   t - +0 helmet "Zywedu" {SInv Stlth+}
rElec    .         Harm     .   j - scarf {repulsion}
rCorr    .         Rampage  .   (no gloves)
Will     .....                  o - +2 pair of boots
Stlth    ++........             (no amulet)
HPRegen  0.00/turn              s - +6 ring of dexterity
MPRegen  0.11/turn              n - +4 ring of evasion

@: mighty, flying, studying Long Blades, repel missiles
A: claws 1, cold resistance 1, negative energy resistance 3, inhibited
regeneration, torment resistance, unbreathing
a: Renounce Religion, Curse Item, Scrying


You were in a bailey.
You worshipped Ashenzari.
Ashenzari was aware of your devotion.
You visited 2 branches of the dungeon, and saw 10 of its levels.
You also visited: Bailey.

You collected 479 gold pieces.

Inventory:

Hand Weapons
 a - a +2 long sword (weapon)
 r - a +0 scimitar
Armour
 i - a +1 leather armour of fire resistance (worn)
 j - a scarf of repulsion (worn)
 o - a +2 pair of boots (worn)
 t - the +0 helmet "Zywedu" (worn) {SInv Stlth+}
   (You found it on level 8 of the Dungeon)

   It lets you see invisible.
   It makes you more stealthy.
Jewellery
 m - an uncursed ring of resist corrosion
 n - a +4 ring of evasion (right claw)
 s - a +6 ring of dexterity (left claw)
Wands
 d - a wand of iceblast (9)
Scrolls
 f - 3 scrolls of blinking
 g - 4 scrolls of remove curse
 k - a scroll of teleportation
Potions
 b - a potion of ambrosia
 e - a potion of might
 h - 2 potions of flight
 l - 5 potions of curing
 p - 2 potions of cancellation
 q - 2 potions of resistance {unknown}
Books
 c - a manual of Long Blades


   Skills:
 + Level 7.1 Fighting
 + Level 8.7 Long Blades
 - Level 1.7 Throwing
 * Level 8.0 Armour
 * Level 6.4 Dodging


You had 9 spell levels left.
You didn't know any spells.
Your spell library contained the following spells:

 Spells                   Type           Power        Failure   Level
 Magic Dart               Conj           0%           56%         1
 Blink                    Tloc           N/A          71%         2
 Call Imp                 Summ           0%           71%         2
 Slow                     Hex            0%           71%         2
 Conjure Flame            Conj/Fire      0%           91%         3
 Mephitic Cloud           Conj/Pois/Air  0%           91%         3


Dungeon Overview and Level Annotations

Branches:
Dungeon (9/15)             Temple (1/1) D:7             Orc (0/2) D:9
 Bailey (1/1)
   Lair: D:8-11

Altars:
Ashenzari
Cheibriados
Dithmenos
Elyvilon
Fedhas
Gozag
Hepliaklqana
Kikubaaqudgha
Makhleb
Nemelex Xobeh
Okawaru
Qazlal
Ru
Sif Muna
Trog
Uskayaw
Vehumet
Wu Jian
Xom
Yredelemnul
Zin
The Shining One


Innate Abilities, Weirdness & Mutations

You thrive by killing the living.
You are immune to poison.
You have sharp fingernails.
Your flesh is cold resistant. (rC+)
You are immune to negative energy. (rN+++)
You do not regenerate when monsters are visible.
You are immune to unholy pain and torment.
You can survive without breathing.


Message History

The orc knight is lightly wounded.
The orc knight hits you with a +0 war axe!!
The orc warrior barely misses you.
You riposte.
You slash the orc warrior!
The orc warrior is heavily wounded.
You barely miss the orc knight.
The orc knight is lightly wounded.
The orc knight misses you.
A hobgoblin comes into view. It is wielding a +0 hand axe.
The orc warrior barely misses you.
The hobgoblin shouts!
You hit the orc knight but do no damage.
The orc knight is lightly wounded.
You hear a shout! x3
The orc knight hits you with a +0 war axe!
You closely miss the orc warrior.
The orc warrior is heavily wounded.
The orc warrior hits you with a +0 war axe!
* * * LOW HITPOINT WARNING * * *
The orc knight hits you with a +0 war axe!!
You die...

.#############
.............####
#..(........##
##'#.........##
#(@#....⌠.....#
#oo###.......## ###gK'
#.....### ^...###......#
####'####..#.....≈≈≈≈≈≈ ≈##
#..g....####).≈≈≈≈≈≈≈≈≈#
≈≈≈K#...gKo.#∩≈≈≈≈≈≈≈....###
≈≈≈#########≈≈≈≈≈......##
≈≈≈≈≈≈≈≈≈≈≈≈≈≈.......##


You could see an orc knight, an orc warrior, a hobgoblin and a kobold.

Vanquished Creatures
  A two-headed ogre (D:8)
  Pikel (D:4)
  A troll (D:9)
  Grinder (D:3)
  Eustachio (D:4)
  6 ice beasts
  4 sky beasts
  3 ogres
  3 phantoms
  Blork the orc (D:4)
  A big kobold (D:7)
  3 bullfrogs
  4 scorpions
  6 killer bees (D:9)
  2 quasits (D:8)
  6 hounds
  5 orc priests
  A centaur skeleton (D:4)
  Terence (D:2)
  6 orc wizards
  Natasha (D:3)
  2 iguanas (D:8)
  5 worker ants
  A hound zombie (D:8)
  The ghost of Jaiteiro the Sneak, a weakling OpDe (D:4)
  A hound skeleton (D:8)
  A worker ant zombie (D:7)
  A howler monkey zombie (D:7)
  Robin (D:3)
  7 gnolls
  8 adders
  A shadow imp (D:8)
  3 adder skeletons
  3 worms
  4 dart slugs
  7 leopard geckos
  16 orcs
  4 bats
  5 giant cockroaches
  17 goblins
  12 hobgoblins
  7 jackals
  13 kobolds
  4 quokkas
  2 ball pythons (D:3)
  2 frilled lizards (D:3)
  A leopard gecko skeleton (D:7)
  A quokka skeleton (D:4)
  9 rats
197 creatures vanquished.

Notes
Turn   | Place    | Note
-------+----------+-------------------------------------------
     0 | D:1      | Borgoz the Ghoul Gladiator began the quest for the Orb.
     0 | D:1      | Reached XP level 1. HP: 17/17 MP: 0/0
    71 | D:1      | Reached XP level 2. HP: 24/24 MP: 1/1
   512 | D:1      | Reached skill level 1 in Armour
   557 | D:1      | Reached XP level 3. HP: 23/30 MP: 2/2
  1527 | D:2      | Noticed Terence
  1542 | D:2      | Killed Terence
  1543 | D:2      | Reached XP level 4. HP: 37/37 MP: 3/3
  2142 | D:3      | Noticed Grinder
  2160 | D:3      | Paralysed by Grinder for 7 turns
  2462 | D:3      | Paralysed by Grinder for 6 turns
  2990 | D:3      | Paralysed by Grinder for 7 turns
  3029 | D:4      | Reached XP level 5. HP: 35/45 MP: 4/4
  3242 | D:3      | Noticed Robin
  3338 | D:3      | Killed Robin
  3339 | D:3      | Reached XP level 6. HP: 43/51 MP: 5/5
  3475 | D:3      | Killed Grinder
  3476 | D:3      | Reached XP level 7. HP: 48/58 MP: 6/6
  3633 | D:3      | Noticed Natasha
  3642 | D:3      | Killed Natasha
  4156 | D:4      | Found a sacrificial altar of Ru.
  4157 | D:4      | Noticed Pikel
  4175 | D:4      | Killed Pikel
  4176 | D:4      | Reached skill level 5 in Long Blades
  4176 | D:4      | Reached XP level 8. HP: 36/67 MP: 7/7
  4754 | D:4      | Found a runed translucent door.
  4754 | D:4      | Noticed Jaiteiro's ghost (weakling OpDe)
  4763 | D:4      | Noticed Blork the orc
  4773 | D:4      | Killed Blork the orc
  4774 | D:4      | Reached skill level 5 in Armour
  5019 | D:4      | Noticed Eustachio
  5053 | D:4      | Killed Eustachio
  5054 | D:4      | Reached skill level 5 in Fighting
  5437 | D:4      | Killed Jaiteiro's ghost
  5504 | D:5      | Entered Level 5 of the Dungeon
  5803 | D:5      | Reached XP level 9. HP: 74/74 MP: 8/8
  6501 | D:6      | Found an ancient bone altar of Kikubaaqudgha.
  6522 | D:6      | Reached skill level 5 in Dodging
  7429 | D:7      | Found a staircase to the Ecumenical Temple.
  7441 | Temple   | Entered the Ecumenical Temple
  7628 | Temple   | Became a worshipper of Ashenzari the Shackled
  7758 | D:7      | Found a hazy altar of Hepliaklqana.
  8473 | D:8      | Got the uncursed helmet "Zywedu" {SInv Stlth+}
  8485 | D:8      | Identified the +0 helmet "Zywedu" {SInv Stlth+} (You found
                  | it on level 8 of the Dungeon)
  8619 | D:8      | Reached XP level 10. HP: 83/84 MP: 9/9
  8671 | D:8      | Noticed a two-headed ogre
  8699 | D:8      | Killed a two-headed ogre
  9063 | D:8      | Reached * piety under Ashenzari
  9219 | D:9      | Found a staircase to the Orcish Mines.
  9233 | D:9      | Identified a scroll of acquirement
  9233 | D:9      | Acquired a manual of Long Blades
  9622 | D:9      | Found a flagged portal.
  9648 | Bailey   | Entered a bailey
  9743 | Bailey   | Noticed an orc knight
  9785 | Bailey   | Slain by an orc knight

Illustrated notes

Levels and vault maps discovered:
D:1:      dpeg_arrival_boxes_within_box, layout_basic
D:2:      layout_basic, minivault_26, grunt_decor_cap, uniq_terence
D:3:      layout_loops_ring, uniq_robin, uniq_grinder, uniq_natasha
D:4:      layout_basic, gammafunk_ghost_grave, wad_floor_pattern_1,
          lemuel_tele_altar, uniq_pikel, uniq_blork_the_orc, uniq_eustachio
D:5:      layout_gridville
D:6:      layout_basic, basic_altar, dk_noncrumbling_4
D:7:      layout_gridville, kennysheep_little_box, minmay_temple_entry_trees
D:8:      layout_cave_pools
D:9:      kennysheep_orc_sif_temple, layout_basic, orc_0_dummy, enter_bailey_5
Temple:   minmay_crystal_snake_temple
Bailey:   bailey_axe_4, bailey

Skill      XL: |  1  2  3  4  5  6  7  8  9 10 |
---------------+-------------------------------+-----
Long Blades    | 3 4 5 6 7 8 |  8.7
Armour         | 1 2 3 4 5 7 8 |  8.0
Dodging        | 3 4 5 6 |  6.4
Fighting       | 3 4 5 6 7 |  7.1
Throwing       | |  1.7

Action                   |  1- 3 |  4- 6 |  7- 9 | 10-12 || total
-------------------------+-------+-------+-------+-------++-------
Melee: Long sword        |    81 |   171 |   435 |   162 ||   849
Throw: Throwing net      |     2 |     2 |     3 |       ||     7
  Use: Scroll            |     3 |     6 |     7 |     2 ||    18
       Potion            |       |     5 |       |     3 ||     8
 Stab: Sleeping          |       |       |       |     3 ||     3
Armor: Leather armour    |    21 |    21 |    85 |    48 ||   175
       Ring mail         |       |    59 |    68 |       ||   127
Dodge: Dodged            |    60 |   141 |   424 |   239 ||   864
       Repelled          |       |       |     2 |     1 ||     3
       Rpst.: Long sword |    20 |    51 |   128 |    58 ||   257
